 Dungeon Crawl Stone Soup version 0.28-a0-1624-g820543e53a (webtiles) character file.

Game seed: 8960499947152570531

1680 frimble the Stinger (level 8, -6/62 HPs)
             Began as a Demonspawn Warper on Jan 23, 2022.
             Mangled by a wyvern (12 damage)
             ... on level 7 of the Dungeon.
             The game lasted 00:09:04 (8545 turns).

frimble the Stinger (Demonspawn Warper)             Turns: 8545, Time: 00:09:04

Health: -6/62      AC:  4    Str: 17    XL:     8   Next: 70%
Magic:  9/11       EV: 11    Int: 17    God:
Gold:   409        SH:  5    Dex: 13    Spells: 4/11 levels left

rFire   + . .      SeeInvis .     - Unarmed
rCold   + . .      Faith    .   (no shield)
rNeg    . . .      Spirit   .   b - +0 leather armour
rPois   .          Reflect  +   (helmet restricted)
rElec   .          Harm     .   x - +0 cloak
rCorr   .          Rampage  .   (no gloves)
Will    +....                   (no boots)
Stlth   +.........              o - amulet of reflection
HPRegen 0.20/turn               i - ring "Ufoinab" {rF+ rC+ Will+ Str+6}
MPRegen 0.12/turn               (no ring)

@: about to teleport
A: antennae 2, hooves 1, demonic guardian 1, foul stench 1, demonic touch 1
a: no special abilities


You were on level 7 of the Dungeon.
You visited 1 branch of the dungeon, and saw 8 of its levels.

You collected 1600 gold pieces.
You spent 1191 gold pieces at shops.

Inventory:

Hand Weapons
 a - a +0 short sword of freezing
 k - a +0 short sword of electrocution
Missiles
 d - 4 boomerangs of dispersal (quivered)
 j - 7 boomerangs
Armour
 b - a +0 leather armour (worn)
 x - a +0 cloak (worn)
Jewellery
 e - a ring of flight
 i - the ring "Ufoinab" (left hand) {rF+ rC+ Will+ Str+6}
   (You bought it in a shop on level 3 of the Dungeon)

   [ring of strength]

   Str:       It affects your strength (+6).
   rF:        It protects you from fire.
   rC:        It protects you from cold.
   Will:      It increases your willpower.
 o - an amulet of reflection (around neck)
Wands
 g - a wand of paralysis (17)
 l - a wand of polymorph (12)
 r - a wand of flame (7)
Scrolls
 c - 3 scrolls of blinking
 f - a scroll of identify
Potions
 h - 4 potions of mutation
 m - 2 potions of magic
 n - 4 potions of heal wounds
 p - a potion of ambrosia
 t - a potion of attraction
 v - a potion of curing
 w - 2 potions of haste {unknown}


   Skills:
 - Level 5.0 Fighting
 - Level 1.8 Short Blades
 - Level 0.9 Throwing
 - Level 1.0 Armour
 - Level 1.8 Dodging
 + Level 4.7 Unarmed Combat
 - Level 2.0 Spellcasting
 + Level 4.0 Translocations
 - Level 3.2 Transmutations
 + Level 6.6 Poison Magic


You had 4 spell levels left.
You knew the following spells:

 Your Spells              Type           Power      Damage    Failure   Level
a - Sting                 Tmut/Pois      72%        1d6       3%          1
b - Olgreb's Toxic Radia  Pois           24%        N/A       16%         4
c - Blink                 Tloc           30%        N/A       7%          2

Your spell library contained the following spells:

 Spells                   Type           Power      Damage    Failure   Level
 Apportation              Tloc           30%        N/A       4%          1
 Poisonous Vapours        Pois/Air       26%        N/A       9%          2
 Gell's Gravitas          Tloc           15%        N/A       13%         3
 Lesser Beckoning         Tloc           15%        N/A       13%         3
 Teleport Other           Tloc           15%        N/A       13%         3
 Animate Skeleton         Necr           2%         N/A       22%         1
 Shock                    Conj/Air       4%         1d3       22%         1
 Summon Small Mammal      Summ           4%         N/A       22%         1
 Static Discharge         Conj/Air       1%         N/A       34%         2
 Ozocubu's Armour         Ice            1%         N/A       56%         3
 Summon Guardian Golem    Hex/Summ       1%         N/A       56%         3
 Swiftness                Air            1%         N/A       56%         3
 Airstrike                Air            0%         N/A       92%         4
 Manifold Assault         Tloc           15%        N/A       77%         5
 Lightning Bolt           Conj/Air       0%         1d11      99%         5
 Malign Gateway           Summ/Tloc      4%         N/A       100%        7
 Orb of Destruction       Conj           0%         9d5       100%        7
 Ozocubu's Refrigeration  Ice            0%         4d5       100%        7
 Spellforged Servitor     Conj/Summ      0%         N/A       100%        7
 Maxwell's Capacitive Co  Air            0%         ∞         100%        8
 Summon Horrible Things   Summ           0%         N/A       100%        8


Dungeon Overview and Level Annotations

Branches:
Dungeon (8/15)             Temple (0/1) D:6
   Lair: D:8-11

Altars:
Nemelex Xobeh
Qazlal

Shops:
D:3 =   D:6 (

Portals:
Abyss: D:6

Annotations:
D:6 2 transporters, timneilson's ghost, novice GrFi


Innate Abilities, Weirdness & Mutations

You have a pair of antennae on your head.
You have large cloven feet.
A weak demonic guardian rushes to your aid.
You may rarely emit foul miasma when damaged in melee.
Your touch may inflict minor irresistible damage on your foes.


Message History

The ball of steam hits you. You resist.
You hear a shout! x2
There is a stone staircase leading up here.
You hear a shout!
You climb upwards.
There is a stone staircase leading down here.
HP restored.
Done exploring.
You climb downwards.
The orc warrior shouts!
You hear a shout!
You hear an angry hiss.
The wyvern bites you! The warg bites you but does no damage.
The wyvern bites you! The warg bites you but does no damage.
There is a stone staircase leading up, spattered with blood here.
The wyvern bites you. The warg bites you!
You climb upwards.
There is a stone staircase leading down here.
Casting: Sting (safe; 3% risk of failure)
Confirm with . or Enter, or press ? or * to list all spells.
You blink.
Casting: Blink (safe; 7% risk of failure)
Confirm with . or Enter, or press ? or * to list all spells.
Okay, then.
Throw: 5 boomerangs (disperse)
Press: ? - help, Q - select action, (/) - cycle Shift-Dir - straight line, f - wyvern
Aim: a wyvern (59% to hit)
You throw a boomerang of dispersal.
The boomerang of dispersal barely misses the wyvern.
The boomerang of dispersal hits the warg but does no damage.
The warg is lightly wounded.
The wyvern closely misses you. The wyvern barely misses you.
The warg bites you!
The wyvern bites you but does no damage.
As you read the scroll of teleportation, it crumbles to dust.
You feel strangely unstable.
You feel stable enough to blink again. The wyvern bites you!
* * * LOW HITPOINT WARNING * * *
A demonic guardian appears!
The wyvern bites you!
You die...

#.####.....##......###...#.##....
######..########...........###...
###.###....##.#............#.#^..
....###..........................
....[.#..###..###...........###..
..............[#.............#.<.
......####..#.........###......(.
........##.##.....#...#....)....#
...###.##..#....@####....###....#
.....#..##.......l#.#....###.....
........##..)).[..h..>..##.#.....
.........#......5................
.................................
.......................##.......#
.................#.#....##....###
.................###....##...##
..................###..:.#....#


You could see a warg, a wyvern (ally target) and a friendly iron imp (summoned).

Vanquished Creatures
  Grinder (D:3)
  Sigmund (D:2)
  A water moccasin (D:6)
  An orc warrior (D:7)
  2 necrophages
  2 ogres
  A bullfrog (D:7)
  2 howler monkeys (D:5)
  A bullfrog zombie (D:5)
  3 centaur zombies
  An orc priest (D:7)
  Crazy Yiuf (D:5)
  2 hounds
  A jelly (D:7)
  Jessica (D:3)
  2 iguanas
  Terence (D:3)
  An orc wizard (D:7)
  A hound zombie (D:5)
  10 adders
  A white imp (D:5)
  2 ufetubi
  2 worms (D:2)
  2 dart slugs
  12 orcs
  8 endoplasms
  3 giant cockroaches
  7 goblins
  6 hobgoblins
  6 jackals
  3 quokkas
  6 ball pythons
  10 bats
  7 frilled lizards
  5 kobolds
  6 rats
122 creatures vanquished.

Vanquished Creatures (collateral kills)
  2 orcs (D:7)
2 creatures vanquished.

Grand Total: 124 creatures vanquished

Notes
Turn   | Place    | Note
-------+----------+-------------------------------------------
     0 | D:1      | frimble the Demonspawn Warper began the quest for the Orb.
     0 | D:1      | Reached XP level 1. HP: 16/16 MP: 3/3
    10 | D:1      | Reached skill level 1 in Armour
    52 | D:1      | Learned a level 1 spell: Sting
   187 | D:1      | Discovered your monstrous ancestry.
   187 | D:1      | Gained mutation: You have a pair of small antennae on your
                  | head. [demonic ancestry]
   187 | D:1      | Reached XP level 2. HP: 22/22 MP: 5/5
   279 | D:1      | Reached skill level 1 in Poison Magic
   504 | D:1      | Reached skill level 1 in Transmutations
   980 | D:1      | Gained mutation: You may rarely emit foul miasma when
                  | damaged in melee. [demonic ancestry]
   980 | D:1      | Reached XP level 3. HP: 25/27 MP: 6/6
  1522 | D:2      | Noticed Sigmund
  1541 | D:2      | Killed Sigmund
  1542 | D:2      | Reached skill level 3 in Poison Magic
  1542 | D:2      | Gained mutation: You have large cloven feet. [demonic
                  | ancestry]
  1542 | D:2      | Reached XP level 4. HP: 16/33 MP: 7/7
  1542 | D:2      | Gained mutation: You have a pair of antennae on your head.
                  | [demonic ancestry]
  1542 | D:2      | Reached XP level 5. HP: 18/38 MP: 8/8
  1865 | D:2      | Found a faded altar of an unknown god.
  2342 | D:3      | Found Itsuec's Jewellery Boutique.
  2355 | D:3      | Learned a level 4 spell: Olgreb's Toxic Radiance
  2460 | D:3      | Noticed Terence
  2483 | D:3      | Killed Terence
  2819 | D:3      | Gained mutation: A weak demonic guardian rushes to your
                  | aid. [demonic ancestry]
  2819 | D:3      | Reached XP level 6. HP: 44/46 MP: 9/9
  2957 | D:3      | Reached skill level 1 in Unarmed Combat
  3084 | D:3      | Noticed Jessica
  3102 | D:3      | Killed Jessica
  3179 | D:3      | Reached skill level 4 in Poison Magic
  3671 | D:3      | Noticed Grinder
  3687 | D:3      | Killed Grinder
  3688 | D:3      | Gained mutation: Your touch may inflict minor irresistible
                  | damage on your foes. [demonic ancestry]
  3688 | D:3      | Reached XP level 7. HP: 14/52 MP: 7/10
  3921 | D:3      | Identified a scroll of acquirement
  3921 | D:3      | Acquired 1274 gold pieces
  4946 | D:3      | Bought the ring "Ufoinab" {rF+ rC+ Will+ Str+6} for 1191
                  | gold pieces
  5413 | D:5      | Entered Level 5 of the Dungeon
  5421 | D:5      | Reached skill level 5 in Poison Magic
  5726 | D:5      | Found a stormy altar of Qazlal.
  5826 | D:5      | Found a sparkling altar of Nemelex Xobeh.
  5942 | D:5      | Found a runed translucent door.
  5943 | D:5      | Noticed Crazy Yiuf
  6281 | D:5      | Killed Crazy Yiuf
  6282 | D:5      | Reached XP level 8. HP: 50/61 MP: 8/11
  6549 | D:6      | Found a transporter.
  6559 | D:6      | Learned a level 2 spell: Blink
  6562 | D:6      | Found a transporter.
  6568 | D:6      | Found a one-way gate to the infinite horrors of the Abyss.
  6568 | D:6      | Noticed timneilson's ghost (novice GrFi)
  6592 | D:6      | Noticed a green ugly thing
  6609 | D:6      | Noticed a hell hog
  6646 | D:6      | Found a staircase to the Ecumenical Temple.
  6775 | D:6      | Reached skill level 5 in Fighting
  6775 | D:6      | Reached skill level 6 in Poison Magic
  6980 | D:6      | Found Baeguim's Antique Weapon Shoppe.
  7559 | D:7      | Identified the +9 flail of Toihare {freeze, rN+ Dex+4}
  7860 | D:7      | HP: 1/62 [something/magic dart (8)]
  8545 | D:7      | Mangled by a wyvern

Illustrated notes

Levels and vault maps discovered:
D:1:      lightli_arrival_maybe_door_vault, layout_basic
D:2:      layout_rooms, serial_glass, glass_columns_c, glass_columns_a,
          shapermc_ecumenical_altar_notcrosses, uniq_sigmund
D:3:      layout_loops_corners, serial_shops, shop, uniq_terence, uniq_grinder,
          uniq_jessica
D:4:      layout_loops_ring
D:5:      layout_rooms, mainiacjoe_overflow_paths, mainiacjoe_overflow_24_doors,
          corexii_shack, uniq_crazy_yiuf_cottage
D:6:      layout_basic, minmay_temple_entry_mini_moons, serial_shops,
          kennysheep_mini_moat, gammafunk_ghost_abyssal_escape
D:7:      layout_cave_pools, palyth_stone_intersect
D:8:      layout_rooms, erik_lair_orcish_takeover, hex_medium,
          kennysheep_doodads, minivault_12

Skill      XL: |  1  2  3  4  5  6  7  8 |
---------------+-------------------------+-----
Armour         | 1 |  1.0
Poison Magic   | 1 3 4 5 6 |  6.6
Transmutations | 1 3 |  3.2
Unarmed Combat | 2 3 4 |  4.7
Fighting       | 3 4 5 |  5.0
Translocations | 4 |  4.0
Short Blades   | |  1.8
Throwing       | |  0.9
Dodging        | |  1.8
Spellcasting   | |  2.0

Action                   |  1- 3 |  4- 6 |  7- 9 || total
-------------------------+-------+-------+-------++-------
Melee: Short sword       |   119 |   117 |   128 ||   364
       Kick              |       |    17 |    53 ||    70
       Punch             |       |     1 |     4 ||     5
       Touch             |       |       |    28 ||    28
       Unarmed           |       |       |    51 ||    51
Throw: Boomerang         |       |       |     1 ||     1
 Cast: Sting             |     9 |    16 |    14 ||    39
       Blink             |       |       |     1 ||     1
Evoke: Wand              |     1 |       |       ||     1
  Use: Scroll            |       |       |    15 ||    15
 Stab: Sleeping          |     1 |     1 |       ||     2
       Paralysed         |     6 |       |       ||     6
Armor: Leather armour    |    46 |    31 |    52 ||   129
       Skin              |       |    13 |       ||    13
Dodge: Dodged            |    82 |    64 |    84 ||   230
Block: Other             |       |       |    24 ||    24
       Reflection        |       |       |     1 ||     1

Table legend: (Time is in decaauts)
 A = Elapsed time spent in this place.
 B = Non-inter-level travel time spent in this place.
 C = Inter-level travel time spent in this place.
 D = Time resting spent in this place.
 E = Time spent auto-exploring this place.
 F = Levels seen in this place.
 G = Mean time per level.
                   A        B        C        D        E       F      G
               +--------+--------+--------+--------+--------+-----+--------+
         Total |   8545 |   8185 |    360 |    310 |   6775 |   8 | 1068.1 |
       Dungeon |   8545 |   8185 |    360 |    310 |   6775 |   8 | 1068.1 |
               +--------+--------+--------+--------+--------+-----+--------+

Top non-repeatable levels by time:
     D:3: 2203 daAuts
     D:6: 1349 daAuts
     D:1: 1145 daAuts
     D:2: 1123 daAuts
     D:5: 967 daAuts
     D:4: 943 daAuts
     D:7: 734 daAuts
     D:8: 78 daAuts
